 Dungeon Crawl Stone Soup version 0.29.1-2-gbd0b4ee654 (webtiles) character file.

Game seed: 7066421318439111805

6531 leafyfresh the Martial Artist (level 10, 0/81 HPs)
             Began as a Red Draconian Transmuter on Nov 3, 2022.
             Was an Elder of Cheibriados.
             Slain by a troll (11 damage)
             ... summoned by a tengu warrior
             ... on level 9 of the Dungeon.
             The game lasted 00:26:01 (11954 turns).

leafyfresh the Martial Artist (DrTm)               Turns: 11954, Time: 00:26:02

Health: 0/81       AC:  9    Str: 20    XL:     10   Next: 69%
Magic:  13/13      EV: 21    Int: 23    God:    Cheibriados [****..]
Gold:   990        SH: 12    Dex: 34    Spells: 8/13 levels left

rFire   + . .      SeeInvis .     - Unarmed
rCold   + . .      Faith    .   s - +0 buckler
rNeg    . . .      Spirit   .   (body armour unavailable)
rPois   .          Reflect  +   c - +2 hat
rElec   .          Harm     .   (no cloak)
rCorr   .          Rampage  .   (no gloves)
Will    .....      Clarity  +   (no boots)
Stlth   +++.......              p - amulet of reflection
HPRegen 0.23/turn               f - +4 ring of evasion
MPRegen 0.13/turn               E - +6 ring of dexterity

@: short of breath, flying, very slow
A: breathe fire, AC +7, unfitting armour, fire resistance 1, cold-blooded, big
wings, agile 1, clarity, cold resistance 1
a: Breathe Fire, Renounce Religion, Bend Time, Temporal Distortion, Slouch


You were on level 9 of the Dungeon.
You worshipped Cheibriados.
Cheibriados was greatly pleased with you.
You visited 2 branches of the dungeon, and saw 10 of its levels.
You also visited: Bailey.

You collected 990 gold pieces.

Inventory:

Hand Weapons
 j - a +2 dagger of venom
Missiles
 e - 3 throwing nets
 o - 18 atropa-tipped darts
 K - 4 boomerangs of dispersal
Armour
 c - a +2 hat (worn)
 s - a +0 buckler (worn)
Magical Staves
 b - a staff of cold
Jewellery
 f - a +4 ring of evasion (left hand)
 p - an amulet of reflection (around neck)
 r - a ring of magical power
 u - a ring of positive energy
 E - a +6 ring of dexterity (right hand)
 H - an amulet of the acrobat
Wands
 w - a wand of paralysis (17)
 G - a wand of flame (22)
 L - a wand of light (8)
Scrolls
 d - 2 scrolls of noise {unknown}
 g - a scroll of immolation {unknown}
 i - 2 scrolls of poison
 l - a scroll of blinking {unknown}
 t - 3 scrolls of amnesia
 y - 3 scrolls of silence {unknown}
 B - a scroll of vulnerability {unknown}
 J - a scroll of butterflies {unknown}
Potions
 a - 2 potions of lignification
 h - 2 potions of brilliance
 k - a potion of haste
 n - 4 potions of magic
 q - a potion of cancellation
 v - a potion of berserk rage {unknown}
 z - 2 potions of invisibility {unknown}
 A - a potion of attraction {unknown}
 C - a potion of degeneration {unknown}
 D - a potion of mutation
 I - a potion of resistance {unknown}


   Skills:
 - Level 5.3 Fighting
 - Level 4.7 Dodging
 + Level 2.3 Shields
 - Level 11.7 Unarmed Combat
 - Level 2.0 Spellcasting
 - Level 9.4 Transmutations
 - Level 1.2 Invocations


You had 8 spell levels left.
You knew the following spells:

 Your Spells              Type           Power      Damage    Failure   Level
a - Beastly Appendage     Tmut           90%        N/A       1%          1
c - Ice Form              Ice/Tmut       23%        N/A       24%         4

Your spell library contained the following spells:

 Spells                   Type           Power      Damage    Failure   Level
 Wereblood                Tmut           45%        N/A       1%          2
 Spider Form              Tmut/Pois      23%        N/A       8%          3
 Ignite Poison            Fire/Tmut/Pois 16%        N/A       14%         3
 Necrotise                Necr           8%         1d4       17%         1
 Summon Small Mammal      Summ           8%         N/A       17%         1
 Call Canine Familiar     Summ           2%         N/A       45%         3
 Mephitic Cloud           Conj/Pois/Air  2%         N/A       45%         3
 Summon Guardian Golem    Hex/Summ       2%         N/A       45%         3
 Vampiric Draining        Necr           2%         2d6       45%         3
 Agony                    Necr           2%         N/A       99%         5
 Freezing Cloud           Conj/Ice/Air   1%         6-21      99%         5


Dungeon Overview and Level Annotations

Branches:
Dungeon (9/15)             Temple (1/1) D:5          Bailey (visited)
   Lair: D:8-11         Orc: D:9-12

Altars:
Ashenzari
Cheibriados
Dithmenos
Elyvilon
Fedhas
Gozag
Kikubaaqudgha
Makhleb
Nemelex Xobeh
Okawaru
Qazlal
Sif Muna
Trog
Uskayaw
Vehumet
Wu Jian
Xom
Yredelemnul
Zin

Shops:
D:2 (   D:3 [


Innate Abilities, Weirdness & Mutations

You can breathe blasts of fire.
Your fiery red scales are hard. (AC +7)
You cannot fit into any form of body armour.
Your flesh is heat resistant. (rF+)
You are cold-blooded and may be slowed by cold attacks.
Your large and strong wings let you fly.
You are agile. (Dex +4, Str/Int -1)
You possess an exceptional clarity of mind.
Your flesh is cold resistant. (rC+)


Message History

The tengu warrior hits you but does no damage.
The tengu warrior pecks you but does no damage.
The tengu warrior claws you but does no damage.
As you read the scroll of fear, it crumbles to dust.
You assume a fearsome visage.
The howler monkey looks frightened!
The tengu warrior looks frightened!
The howler monkey looks frightened! x2
The centaur looks frightened!
Unknown command.
It was a potion of cancellation.
Your magical effects are unravelling.
You feel magically purged.
You feel less wooden.
Your +2 hat unmelds from your body.
You feel a little less mighty now.
The howler monkey dissolves into shadows!
You can't do that yet.
Aiming: Bolt of Light
Press: ? - help, Shift-Dir - straight line, f - howler monkey
Aim: a howler monkey (summoned, fleeing, 68% to hit)
The bolt of light hits the troll.
The troll is lightly wounded.
The troll is blinded.
The bolt of light hits the tengu warrior but does no damage.
The tengu warrior is moderately wounded.
Your attack snaps the tengu warrior out of its fear.
The tengu warrior is blinded.
The bolt of light hits the howler monkey!
The howler monkey is heavily wounded.
Your attack snaps the howler monkey out of its fear.
The howler monkey is blinded.
You block the troll's attack. x2
The troll misses you.
You strike the helpless troll from behind!
You punch the troll!
You tail-slap the troll, but do no damage.
The troll is heavily wounded.
Unknown command.
You punch the troll!
Your tail-slap misses the troll.
The troll is almost dead.
The troll bites you!
You die...

####..... #.).# ##
#.### #...# .### #.#.##
#...######. ...#
#..#.#####hQ.)......
...#
##.###.......###.....
...# #...........#.h#
...
...####.###......#.Oc#
.
.........#..####T##hQ.#
.######.#.#.# #@# #hT.#
## .....## #.# #.... #
####### #.# ..## ..#
..# ## C...# ..# #...
#..# #. ##.# #.# #.
#J.D


You could see a tengu warrior (wandering, blind), a troll (summoned, blind) and
a howler monkey (summoned, blind, fleeing).

Vanquished Creatures
  A two-headed ogre (D:6)
  Pikel (D:4)
  2 hornets
  Grinder (D:4)
  A yak (D:6)
  2 steam dragons
  Menkaure (D:7)
  2 water moccasins
  3 black bears
  6 orc warriors
  An ice beast (D:7)
  2 ogres
  4 centaurs
  2 phantoms
  9 kobold brigands
  A necrophage (D:6)
  A bullfrog (D:8)
  2 scorpions (D:6)
  9 wights
  5 killer bees (D:9)
  2 howler monkeys
  5 hounds
  2 jellies
  4 iguanas
  Ijyb (D:4)
  4 gnoll boudas
  4 orc wizards
  19 gnolls
  12 adders
  3 white imps
  An ufetubus (D:7)
  2 dart slugs
  16 orcs
  10 endoplasms
  3 giant cockroaches
  9 goblins
  7 hobgoblins
  6 jackals
  22 kobolds
  A quokka (D:2)
  7 ball pythons
  3 bats
  A frilled lizard (D:1)
  2 rats
202 creatures vanquished.

Vanquished Creatures (others)
  A plant (D:4)
1 creature vanquished.

Grand Total: 203 creatures vanquished

Notes
Turn   | Place    | Note
-------+----------+-------------------------------------------
     0 | D:1      | leafyfresh the Draconian Transmuter began the quest for the
                  | Orb.
     0 | D:1      | Reached XP level 1. HP: 16/16 MP: 3/3
   362 | D:1      | Found a faded altar of an unknown god.
   642 | D:1      | Reached XP level 2. HP: 23/23 MP: 3/5
  1535 | D:2      | Reached XP level 3. HP: 28/28 MP: 4/6
  1792 | D:2      | Reached XP level 4. HP: 35/35 MP: 7/7
  2025 | D:2      | Found Hur Huur's Antique Weapon Boutique.
  2251 | D:2      | Learned a level 3 spell: Spider Form
  2261 | D:3      | Reached skill level 5 in Transmutations
  2834 | D:3      | Found Ruuryrgh's Armour Shop.
  2849 | D:3      | Identified the +2 robe of Makhleb's Supremacy {Will- Int+2
                  | Archmagi}
  3056 | D:3      | Gained mutation: You are frail. (-10% HP) [potion of
                  | mutation]
  3056 | D:3      | Gained mutation: A frigid envelope surrounds you and
                  | freezes all who hurt you. [potion of mutation]
  3056 | D:3      | Gained mutation: Your system is resistant to poisons.
                  | (rPois) [potion of mutation]
  3328 | D:3      | Found a bloodstained altar of Trog.
  3440 | D:4      | Noticed an ogre
  3451 | D:3      | Reached XP level 5. HP: 28/36 MP: 1/8
  3528 | D:3      | Killed an ogre
  3748 | D:4      | Noticed Grinder
  3766 | D:4      | Paralysed by Grinder for 2 turns
  3768 | D:4      | Killed Grinder
  3769 | D:4      | Reached XP level 6. HP: 24/42 MP: 3/9
  3945 | D:4      | Noticed Pikel
  3965 | D:4      | Killed Pikel
  3966 | D:4      | Your scales start taking on a fiery red colour.
  3966 | D:4      | Reached XP level 7. HP: 33/46 MP: 7/10
  3966 | D:4      | Gained mutation: Your flesh is heat resistant. (rF+) [Red
                  | Draconian growth]
  4049 | D:4      | Lost mutation: You are frail. (-10% HP) [potion of
                  | mutation]
  4049 | D:4      | Lost mutation: A frigid envelope surrounds you and freezes
                  | all who hurt you. [potion of mutation]
  4049 | D:4      | Lost mutation: Your system is resistant to poisons. (rPois)
                  | [potion of mutation]
  4049 | D:4      | Gained mutation: Your large and strong wings let you fly.
                  | [potion of mutation]
  4049 | D:4      | Gained mutation: You possess an exceptional clarity of
                  | mind. [potion of mutation]
  4049 | D:4      | Gained mutation: Your spells are a little harder to cast,
                  | but a little more powerful. [potion of mutation]
  4049 | D:4      | Gained mutation: You are robust. (+10% HP) [potion of
                  | mutation]
  4244 | D:4      | Found a basalt altar of Yredelemnul.
  4278 | D:4      | Found a blossoming altar of Fedhas.
  4510 | D:4      | Noticed Ijyb
  4520 | D:4      | Killed Ijyb
  4576 | D:4      | You are sucked into a shaft and drop 1 floor!
  4576 | D:5      | Entered Level 5 of the Dungeon
  4594 | D:5      | Reached XP level 8. HP: 63/64 MP: 7/11
  4893 | D:4      | Found a stormy altar of Qazlal.
  5047 | D:5      | Reached skill level 4 in Unarmed Combat
  5139 | D:5      | Found a sparkling altar of Nemelex Xobeh.
  5225 | D:5      | Found a white marble altar of Elyvilon.
  5307 | D:5      | Found a staircase to the Ecumenical Temple.
  5322 | Temple   | Entered the Ecumenical Temple
  5476 | Temple   | Became a worshipper of Cheibriados the Contemplative
  5662 | D:5      | Reached skill level 5 in Unarmed Combat
  5923 | D:5      | Found a hide-covered altar of Uskayaw.
  6112 | D:6      | Reached skill level 6 in Unarmed Combat
  6211 | D:6      | Reached skill level 7 in Unarmed Combat
  6248 | D:6      | Found an opulent altar of Gozag.
  6526 | D:6      | Reached * piety under Cheibriados
  6527 | D:6      | Reached skill level 8 in Unarmed Combat
  6527 | D:6      | Reached XP level 9. HP: 38/70 MP: 8/12
  6976 | D:6      | Reached skill level 9 in Unarmed Combat
  7098 | D:6      | Found a broken altar of Ashenzari.
  7143 | D:6      | Noticed a two-headed ogre
  7157 | D:6      | Killed a two-headed ogre
  7158 | D:6      | Reached skill level 10 in Unarmed Combat
  7723 | D:6      | Learned a level 4 spell: Ice Form
  8035 | D:7      | Reached ** piety under Cheibriados
  8133 | D:7      | Paralysed by a hornet for 3 turns
  8140 | D:7      | Reached skill level 11 in Unarmed Combat
  8868 | D:7      | Reached XP level 10. HP: 76/82 MP: 8/13
  9298 | D:7      | Noticed Menkaure
  9303 | D:7      | Killed Menkaure
  9603 | D:8      | Found a shimmering blue altar of Sif Muna.
  9698 | D:8      | Found a flagged portal.
  9709 | Bailey   | Entered a bailey
  9719 | Bailey   | Reached *** piety under Cheibriados
 10191 | Bailey   | Found a burning altar of Makhleb.
 10337 | Bailey   | Lost mutation: Your spells are a little harder to cast, but
                  | a little more powerful. [potion of mutation]
 10337 | Bailey   | Lost mutation: You are robust. (+10% HP) [potion of
                  | mutation]
 10337 | Bailey   | Gained mutation: You are agile. (Dex +4, Str/Int -1)
                  | [potion of mutation]
 10337 | Bailey   | Gained mutation: Your flesh is cold resistant. (rC+)
                  | [potion of mutation]
 10466 | D:8      | Found an ornate altar of the Wu Jian Council.
 11006 | D:8      | Reached skill level 5 in Fighting
 11351 | D:9      | Reached **** piety under Cheibriados
 11421 | D:9      | Reached skill level 1 in Invocations
 11426 | D:9      | Noticed a purple ugly thing
 11426 | D:9      | Noticed a six-headed hydra
 11427 | D:9      | Noticed a cyan ugly thing
 11428 | D:9      | Noticed a cyclops
 11757 | D:9      | Reached skill level 1 in Shields
 11930 | D:9      | Identified the +8 chain mail of Untold Secrets {Str+8}
 11930 | D:9      | Noticed a tengu warrior
 11931 | D:9      | Noticed a two-headed ogre
 11954 | D:9      | Slain by a troll

Illustrated notes

Levels and vault maps discovered:
D:1:      evilmike_arrival_hilbert_curve, layout_loops_ring,
          hellmonk_ecumenical_altar_run_dry, dreamdust_princess_bridge,
          minmay_misc_feat_chi
D:2:      layout_loops_ring, serial_shops, nicolae_diamond_shop
D:3:      layout_loops_cross, mainiacjoe_overflow_six_doors_small, serial_shops,
          shop
D:4:      layout_basic, lemuel_coloured_pillars_altar, lemuel_tele_altar,
          mainiacjoe_overflow_alcove_1, serial_forest,
          infiniplex_forest_clump_diagonal, infiniplex_forest_end_3,
          infiniplex_forest_lined_corner, infiniplex_forest_straight_2,
          infiniplex_forest_clump_curved, infiniplex_forest_end_3,
          infiniplex_forest_straight_2, uniq_grinder, uniq_pikel, uniq_ijyb
D:5:      layout_gridville, mainiacjoe_overflow_brackets,
          nemelex_xobeh_ov_fountains_minmay, old_standard_altar,
          minmay_temple_entry_glass, minmay_misc_feat_pillars
D:6:      layout_basic, nicolae_gozag_cash_rules_everything_around_me,
          mainiacjoe_overflow_catwalk, minivault_24, kb_rosetta
D:7:      layout_loops_corners, minmay_fractal_squares_diagonal_5, uniq_menkaure
D:8:      layout_basic, mainiacjoe_overflow_tiny_flanked, old_standard_altar,
          enter_bailey_3
D:9:      minmay_the_grid_triangle_9x9_recursive_2_mashed
          [minmay_the_grid_triangle_9x9_prize_schism,
          minmay_the_grid_triangle_9x9_sprig,
          minmay_the_grid_triangle_9x9_checkered,
          minmay_the_grid_triangle_9x9_negative_grid], layout_loops_cross,
          grunt_ogre_cave
Temple:   dpeg_chambers_temple

Skill      XL: |  1  2  3  4  5  6  7  8  9 10 |
---------------+-------------------------------+-----
Transmutations | 3 4 5 7 9 |  9.4
Unarmed Combat | 8 11 | 11.7
Dodging        | 2 4 |  4.7
Fighting       | 2 5 |  5.3
Invocations    | 1 |  1.2
Shields        | 2 |  2.3
Spellcasting   | |  2.0

Action                   |  1- 3 |  4- 6 |  7- 9 | 10-12 || total
-------------------------+-------+-------+-------+-------++-------
Melee: Unarmed           |    54 |    40 |   317 |   159 ||   570
       Kick              |    12 |     2 |    16 |       ||    30
       Headbutt          |     6 |     1 |    10 |       ||    17
       Punch             |     3 |       |    12 |     3 ||    18
       Tailslap          |    12 |     6 |    44 |    10 ||    72
       Dagger            |    24 |    47 |    22 |       ||    93
 Cast: Beastly Appendage |    12 |     3 |     4 |       ||    19
       Spider Form       |       |     6 |     9 |       ||    15
       Ice Form          |       |       |     5 |    12 ||    17
 Abil: Breathe Fire      |       |       |     2 |     2 ||     4
Evoke: Wand              |       |       |       |     1 ||     1
  Use: Scroll            |       |     4 |     3 |     6 ||    13
       Potion            |       |     2 |     2 |     7 ||    11
 Stab: Sleeping          |       |     1 |     3 |       ||     4
       Invisible         |       |       |       |     1 ||     1
Armor: Skin              |    18 |    12 |    49 |    36 ||   115
Dodge: Dodged            |    54 |    89 |   260 |   153 ||   556
Block: Other             |       |    11 |    75 |    28 ||   114
       Reflection        |       |       |     1 |     6 ||     7
       Buckler           |       |       |       |     9 ||     9
